| TOP OF THE 1ST |
|
Charlotte Knights batting - Pitching for Florida Marlins : LHP Al Leiter
|
|
Pitching: LHP Al Leiter
|
|
|
Batting: SHB Carl Everett
|
0-0: Foul Ball, location: 2F 0-1: Swinging Strike 0-2: Ball 1-2: Strikes out looking
|
|
Batting: LHB Jason Giambi
|
0-0: Fly out, F8 (Flyball, 8LS, EV 90.6 MPH)
|
|
Batting: RHB Shane Mack
|
0-0: Called Strike 0-1: Ball 1-1: Called Strike 1-2: Ball 2-2: SOLO HOME RUN (Line Drive, 9LD, EV 106.9 MPH), Distance : 377 ft
|
|
Batting: RHB Nomar Garciaparra
|
0-0: Foul Ball, location: 2F 0-1: Ball 1-1: Ball 2-1: Foul Ball, location: 2F 2-2: SINGLE (Line Drive, 56D, EV 95.6 MPH)
|
|
Batting: SHB David Segui
|
0-0: Ball 1-0: Called Strike Nomar Garciaparra steals 2nd base 1-1: Called Strike 1-2: Strikes out swinging
|
| Top of the 1st over - 1 run, 2 hits, 0 errors, 1 left on base; Charlotte 1 - Florida 0 |
| BOTTOM OF THE 1ST |
|
Florida Marlins batting - Pitching for Charlotte Knights : RHP Ron Robinson
|
|
Pitching: RHP Ron Robinson
|
|
|
Batting: LHB Craig Counsell
|
0-0: Ball 1-0: Ball 2-0: Ground out 1-3 (Groundball, 13S, EV 64.4 MPH)
|
|
Batting: RHB Charles Johnson
|
0-0: Ball 1-0: Called Strike 1-1: Swinging Strike 1-2: Strikes out swinging
|
|
Batting: RHB Richie Sexson
|
0-0: DOUBLE (Line Drive, 9LS, EV 95.0 MPH)
|
|
Batting: RHB Juan Encarnacion
|
0-0: Called Strike 0-1: Ball 1-1: Fly out, F7 (Flyball, 7LSF, EV 86.3 MPH)
|
| Bottom of the 1st over - 0 runs, 1 hit, 0 errors, 1 left on base; Charlotte 1 - Florida 0 |
| TOP OF THE 2ND |
|
Charlotte Knights batting - Pitching for Florida Marlins : LHP Al Leiter
|
|
Batting: RHB Tony Batista
|
0-0: SINGLE (Groundball, 4MD, EV 107.5 MPH)
|
|
Batting: RHB Todd Zeile
|
0-0: Ball 1-0: Foul Ball, location: 2F 1-1: Fly out, F8 (Flyball, 8RM, EV 81.9 MPH)
|
|
Batting: RHB Ruben Rivera
|
0-0: Ball 1-0: Called Strike 1-1: Ball 2-1: Foul Ball, location: 2F 2-2: Strikes out swinging
|
|
Batting: SHB Neifi Perez
|
0-0: Ball 1-0: DOUBLE (Flyball, 89D, EV 95.0 MPH) Tony Batista to third Runner from 3rd tries for Home, SAFE, throw by RF to trailing runner, SAFE at third!
|
|
Batting: SHB Carl Everett
|
0-0: Foul Ball, location: 2F 0-1: Foul Ball, location: 2F 0-2: Ball 1-2: Foul Ball, location: 2F 1-2: Foul Ball, location: 2F 1-2: Strikes out looking
|
| Top of the 2nd over - 1 run, 2 hits, 0 errors, 1 left on base; Charlotte 2 - Florida 0 |
| BOTTOM OF THE 2ND |
|
Florida Marlins batting - Pitching for Charlotte Knights : RHP Ron Robinson
|
|
Batting: RHB Rondell White
|
0-0: Ball 1-0: Foul Ball, location: 2F 1-1: SINGLE (Groundball, 6MD, EV 105.0 MPH)
|
|
Batting: SHB Bobby Bonilla
|
0-0: Called Strike 0-1: Called Strike 0-2: Ball 1-2: Ball 2-2: Strikes out swinging
|
|
Batting: RHB Edgardo Alfonzo
|
0-0: Foul Ball, location: 2F 0-1: Ball 1-1: Foul Ball, location: 2F 1-2: Strikes out swinging
|
|
Batting: RHB Tony Barron
|
0-0: Ball 1-0: Ball 2-0: Called Strike 2-1: Called Strike Rondell White steals 2nd base 2-2: Ball 3-2: Ground out 6-3 (Groundball, 6, EV 82.5 MPH)
|
| Bottom of the 2nd over - 0 runs, 1 hit, 0 errors, 1 left on base; Charlotte 2 - Florida 0 |
| TOP OF THE 3RD |
|
Charlotte Knights batting - Pitching for Florida Marlins : LHP Al Leiter
|
|
Batting: LHB Jason Giambi
|
0-0: Ball 1-0: Foul Ball, location: 2F 1-1: Ball 2-1: Foul Ball, location: 2F 2-2: Foul Ball, location: 2F 2-2: Hit by Pitch
|
|
Batting: RHB Shane Mack
|
0-0: Ball 1-0: Ball 2-0: Ball 3-0: Called Strike 3-1: Sac Bunt to 15S - play at first, batter OUT! 1-4 Jason Giambi to second
|
|
Batting: RHB Nomar Garciaparra
|
0-0: Ground out 2-3 (Groundball, 15S, EV 63.1 MPH) Jason Giambi to third
|
|
Batting: SHB David Segui
|
0-0: Foul Ball, location: 2F 0-1: Ball 1-1: Fly out, F8 (Line Drive, 8LM, EV 95.0 MPH)
|
| Top of the 3rd over - 0 runs, 0 hits, 0 errors, 1 left on base; Charlotte 2 - Florida 0 |
| BOTTOM OF THE 3RD |
|
Florida Marlins batting - Pitching for Charlotte Knights : RHP Ron Robinson
|
|
Batting: SHB Luis Castillo
|
0-0: Called Strike 0-1: Ball 1-1: DOUBLE (Line Drive, 7LM, EV 109.4 MPH)
|
|
Batting: LHB Craig Counsell
|
0-0: Bunt missed! 0-1: Ball 1-1: Bunt missed! 1-2: Ground out U3 (Groundball, 3, EV 107.5 MPH) Luis Castillo to third
|
|
Batting: RHB Charles Johnson
|
0-0: Called Strike 0-1: Swinging Strike 0-2: 2-RUN HOME RUN (Flyball, 7LD, EV 108.1 MPH), Distance : 357 ft
|
|
Batting: RHB Richie Sexson
|
0-0: Called Strike 0-1: Ground out 1-3 (Groundball, 15, EV 80.0 MPH)
|
|
Batting: RHB Juan Encarnacion
|
0-0: Ball 1-0: Ball 2-0: Ball 3-0: Called Strike 3-1: Called Strike 3-2: Strikes out swinging
|
| Bottom of the 3rd over - 2 runs, 2 hits, 0 errors, 0 left on base; Charlotte 2 - Florida 2 |
| TOP OF THE 4TH |
|
Charlotte Knights batting - Pitching for Florida Marlins : LHP Al Leiter
|
|
Batting: RHB Tony Batista
|
0-0: Fly out, F8 (Flyball, 8RD, EV 83.1 MPH)
|
|
Batting: RHB Todd Zeile
|
0-0: SINGLE (Flyball, 89S, EV 91.3 MPH)
|
|
Batting: RHB Ruben Rivera
|
0-0: Called Strike 0-1: Called Strike 0-2: Strikes out looking
|
|
Batting: SHB Neifi Perez
|
0-0: Ball 1-0: Fly out, F8 (Line Drive, 8RM, EV 99.4 MPH)
|
| Top of the 4th over - 0 runs, 1 hit, 0 errors, 1 left on base; Charlotte 2 - Florida 2 |
| BOTTOM OF THE 4TH |
|
Florida Marlins batting - Pitching for Charlotte Knights : RHP Ron Robinson
|
|
Batting: RHB Rondell White
|
0-0: Fly out, F9 (Line Drive, 9D, EV 105.0 MPH)
|
|
Batting: SHB Bobby Bonilla
|
0-0: Ball 1-0: Ball 2-0: Foul Ball, location: 2F 2-1: SINGLE (Groundball, 6D, EV 102.5 MPH)
|
|
Batting: RHB Edgardo Alfonzo
|
0-0: SINGLE (Line Drive, 6MD, EV 93.8 MPH) Bobby Bonilla to second
|
|
Batting: RHB Tony Barron
|
0-0: Ball 1-0: Foul Ball, location: 2F 1-1: Called Strike 1-2: DOUBLE (Line Drive, 89M, EV 88.1 MPH) Bobby Bonilla scores Edgardo Alfonzo to third
|
|
Batting: SHB Luis Castillo
|
0-0: Called Strike 0-1: Called Strike 0-2: Ball 1-2: Strikes out swinging
|
|
Batting: LHB Craig Counsell
|
0-0: Ground out 6-3 (Groundball, 56, EV 115.6 MPH)
|
| Bottom of the 4th over - 1 run, 3 hits, 0 errors, 2 left on base; Charlotte 2 - Florida 3 |
| TOP OF THE 5TH |
|
Charlotte Knights batting - Pitching for Florida Marlins : LHP Al Leiter
|
|
Batting: SHB Carl Everett
|
0-0: Ball 1-0: Foul Ball, location: 2F 1-1: Foul Ball, location: 2F 1-2: SINGLE (Flyball, 89S, EV 93.8 MPH)
|
|
Batting: LHB Jason Giambi
|
0-0: Called Strike 0-1: Ball 1-1: Ball 2-1: Sac Bunt to 3S - play at first, batter OUT! 3-4 Carl Everett to second
|
|
Batting: RHB Shane Mack
|
0-0: Ball 1-0: Ground out 4-3 (Groundball, 4, EV 90.0 MPH) Carl Everett to third
|
|
Batting: RHB Nomar Garciaparra
|
0-0: Swinging Strike 0-1: Ball 1-1: Ball 2-1: Swinging Strike 2-2: Ball 3-2: Foul Ball, location: 2F 3-2: SINGLE (Flyball, 9S, EV 90.0 MPH) Carl Everett scores
|
|
Batting: SHB David Segui
|
0-0: Ball 1-0: Called Strike Nomar Garciaparra is caught stealing 2nd base 2-4
|
| Top of the 5th over - 1 run, 2 hits, 0 errors, 0 left on base; Charlotte 3 - Florida 3 |
| BOTTOM OF THE 5TH |
|
Florida Marlins batting - Pitching for Charlotte Knights : RHP Ron Robinson
|
|
Batting: RHB Charles Johnson
|
0-0: Ball 1-0: Ball 2-0: Ball 3-0: Called Strike 3-1: Fly out, F7 (Line Drive, 7, EV 107.5 MPH)
|
|
Batting: RHB Richie Sexson
|
0-0: Swinging Strike 0-1: Fly out, F9 (Flyball, 9S, EV 76.3 MPH)
|
|
Batting: RHB Juan Encarnacion
|
0-0: Foul Ball, location: 2F 0-1: Ball 1-1: Ball 2-1: Swinging Strike 2-2: Strikes out looking
|
| Bottom of the 5th over - 0 runs, 0 hits, 0 errors, 0 left on base; Charlotte 3 - Florida 3 |
| TOP OF THE 6TH |
|
Charlotte Knights batting - Pitching for Florida Marlins : LHP Al Leiter
|
|
Batting: SHB David Segui
|
0-0: Called Strike 0-1: Foul Ball, location: 2F 0-2: Ball 1-2: Ball 2-2: Foul Ball, location: 2F 2-2: Ball 3-2: Foul Ball, location: 2F 3-2: Foul Ball, location: 2F 3-2: Ground out 6-3 (Groundball, 6, EV 81.3 MPH)
|
|
Batting: RHB Tony Batista
|
0-0: Swinging Strike 0-1: Ball 1-1: Ball 2-1: Ball 3-1: Swinging Strike 3-2: Strikes out swinging
|
|
Batting: RHB Todd Zeile
|
0-0: Foul Ball, location: 2F 0-1: Ground out 1-3 (Groundball, 13, EV 68.8 MPH)
|
| Top of the 6th over - 0 runs, 0 hits, 0 errors, 0 left on base; Charlotte 3 - Florida 3 |
| BOTTOM OF THE 6TH |
|
Florida Marlins batting - Pitching for Charlotte Knights : RHP Ron Robinson
|
|
Batting: RHB Rondell White
|
0-0: Ball 1-0: Swinging Strike 1-1: Foul Ball, location: 2F 1-2: Ball 2-2: Ball 3-2: Strikes out looking
|
|
Batting: SHB Bobby Bonilla
|
0-0: Single, Error in OF, E8, batter to second base (Line Drive, 8RS, EV 95.0 MPH)
|
|
Batting: RHB Edgardo Alfonzo
|
0-0: SINGLE (Line Drive, 3D, EV 108.8 MPH) Bobby Bonilla to third Runner from 3rd tries for Home, SAFE, no throw by RF
|
|
Batting: RHB Tony Barron
|
0-0: Swinging Strike 0-1: SINGLE (Groundball, 56, EV 102.5 MPH) Edgardo Alfonzo to second
|
|
Batting: SHB Luis Castillo
|
0-0: Ball 1-0: Swinging Strike 1-1: Fielders Choice at 2nd, 6-4 (Groundball, 6, EV 85.6 MPH) Edgardo Alfonzo to third
|
|
Batting: LHB Craig Counsell
|
0-0: Foul Ball, location: 2F 0-1: Ball 1-1: Called Strike 1-2: Foul Ball, location: 2F 1-2: Ground out 4-3 (Groundball, 4, EV 105.0 MPH)
|
| Bottom of the 6th over - 1 run, 3 hits, 1 error, 2 left on base; Charlotte 3 - Florida 4 |
| TOP OF THE 7TH |
|
Charlotte Knights batting - Pitching for Florida Marlins : LHP Al Leiter
|
|
Batting: RHB Ruben Rivera
|
0-0: Called Strike 0-1: Ball 1-1: Fly out, F3 (Popup, 34, EV 75.6 MPH)
|
|
Batting: SHB Neifi Perez
|
0-0: Ball 1-0: Called Strike 1-1: Foul Ball, location: 2F 1-2: Ground out 4-3 (Groundball, 4, EV 90.6 MPH)
|
|
Batting: SHB Carl Everett
|
0-0: Ball 1-0: Swinging Strike 1-1: Ground out 3-1 (Groundball, 34, EV 103.1 MPH)
|
| Top of the 7th over - 0 runs, 0 hits, 0 errors, 0 left on base; Charlotte 3 - Florida 4 |
| BOTTOM OF THE 7TH |
|
Florida Marlins batting - Pitching for Charlotte Knights : RHP Ron Robinson
|
|
Batting: RHB Charles Johnson
|
0-0: DOUBLE (Line Drive, 7LM, EV 94.4 MPH)
|
|
Batting: RHB Richie Sexson
|
0-0: Ball 1-0: Called Strike 1-1: Ground out 4-3 (Groundball, 4, EV 76.9 MPH) Charles Johnson to third
|
|
Batting: RHB Juan Encarnacion
|
0-0: Foul Ball, location: 2F 0-1: Ball 1-1: Called Strike 1-2: Ball 2-2: Ball 3-2: Base on Balls
|
|
Pitching: RHP Jeff E. Gray
|
|
|
Batting: RHB Rondell White
|
0-0: Ball 1-0: Called Strike Juan Encarnacion steals 2nd base (no throw) 1-1: Fly out, F9 (Flyball, 89D, EV 83.8 MPH) Runner from 3rd tags up, SCORES, throw by RF Juan Encarnacion to third
|
|
Batting: SHB Bobby Bonilla
|
0-0: Fly out, F8 (Flyball, 78XD, EV 107.5 MPH)
|
| Bottom of the 7th over - 1 run, 1 hit, 0 errors, 1 left on base; Charlotte 3 - Florida 5 |
| TOP OF THE 8TH |
|
Charlotte Knights batting - Pitching for Florida Marlins : LHP Al Leiter
|
|
Batting: LHB Jason Giambi
|
0-0: Swinging Strike 0-1: Foul Ball, location: 2F 0-2: Ball 1-2: Ground out 4-3 (Groundball, 4S, EV 66.3 MPH)
|
|
Batting: RHB Shane Mack
|
0-0: Called Strike 0-1: Ball 1-1: Ball 2-1: Foul Ball, location: 2F 2-2: Hit by Pitch
|
|
Pitching: RHP Bryan Harvey
|
|
|
Batting: RHB Nomar Garciaparra
|
0-0: Ball 1-0: DOUBLE (Flyball, 78XD, EV 108.1 MPH) Shane Mack to third
|
|
Batting: SHB David Segui
|
0-0: Ball 1-0: Ball 2-0: Ball 3-0: Called Strike 3-1: Called Strike 3-2: Ground out 6-3 (Groundball, 6, EV 84.4 MPH) Shane Mack scores Nomar Garciaparra to third
|
|
Batting: RHB Tony Batista
|
0-0: Ball 1-0: Ball 2-0: Called Strike 2-1: SINGLE (Groundball, 4MD, EV 95.6 MPH) Nomar Garciaparra scores
|
|
Batting: RHB Todd Zeile
|
0-0: Ball 1-0: Foul Ball, location: 2F 1-1: Ball 2-1: Ball 3-1: Foul Ball, location: 2F 3-2: Strikes out looking
|
| Top of the 8th over - 2 runs, 2 hits, 0 errors, 1 left on base; Charlotte 5 - Florida 5 |
| BOTTOM OF THE 8TH |
|
Florida Marlins batting - Pitching for Charlotte Knights : RHP Jeff E. Gray
|
|
Batting: RHB Edgardo Alfonzo
|
0-0: Ball 1-0: Fly out, F6 (Popup, 6M, EV 57.5 MPH)
|
|
Batting: RHB Tony Barron
|
0-0: Foul Ball, location: 2F 0-1: Called Strike 0-2: Fly out, F8 (Flyball, 8RD, EV 93.1 MPH)
|
|
Batting: SHB Luis Castillo
|
0-0: Called Strike 0-1: Ball 1-1: Ball 2-1: Ground out 4-3 (Groundball, 4, EV 81.3 MPH)
|
| Bottom of the 8th over - 0 runs, 0 hits, 0 errors, 0 left on base; Charlotte 5 - Florida 5 |
| TOP OF THE 9TH |
|
Charlotte Knights batting - Pitching for Florida Marlins : RHP Bryan Harvey
|
|
Pinch Hitting: SHB Orlando Merced
|
0-0: Swinging Strike 0-1: SINGLE (Line Drive, 3D, EV 104.4 MPH)
|
|
Batting: SHB Neifi Perez
|
0-0: Sac Bunt to 13S - play at first, batter OUT! 1-3 Orlando Merced to second
|
|
Batting: SHB Carl Everett
|
0-0: Foul Ball, location: 2F 0-1: Foul Ball, location: 2F 0-2: Ball 1-2: Ball 2-2: Ball 3-2: Foul Ball, location: 2F 3-2: Ground out 6-3 (Groundball, 6M, EV 106.9 MPH) Orlando Merced to third
|
|
Batting: LHB Jason Giambi
|
0-0: Intentional Walk
|
|
Batting: RHB Shane Mack
|
0-0: Called Strike 0-1: Swinging Strike 0-2: Fly out, F6 (Popup, P, EV 83.1 MPH)
|
| Top of the 9th over - 0 runs, 1 hit, 0 errors, 2 left on base; Charlotte 5 - Florida 5 |
| BOTTOM OF THE 9TH |
|
Florida Marlins batting - Pitching for Charlotte Knights : RHP Jeff E. Gray
|
|
Now in RF: Orlando Merced
|
|
|
Batting: LHB Craig Counsell
|
0-0: Ball 1-0: Called Strike 1-1: SINGLE (Groundball, 4S, EV 69.4 MPH) (infield hit)
|
|
Batting: RHB Charles Johnson
|
0-0: Ball 1-0: Ball 2-0: Ball 3-0: Called Strike 3-1: Foul Ball, location: 2F 3-2: 2-RUN HOME RUN (Line Drive, 78XD, EV 102.5 MPH), Distance : 423 ft
|
 |
|
Wednesday, February 11th, 2026 - OOTP Baseball 20.8 Build 74
|
|